AoeStats
← Drydaitas

Nomad

510184953Analyzed
2v2 RM · 1d ago on Sep 29, 2026· 40m 33s· 4 players
Game mode
Random Map
Map size
176×176
Population
200
Speed
Normal
Resources
Standard
Victory
Conquest
Starting age
Dark Age
Ending age
Imperial Age
RankedLock teamsTeams togetherTeam positionsShared explorationLock speedFull tech treeHidden civsTurbo modeCheats
Victory
Defeat
🇨🇿 Armenians · Czechia
1406
+15
🇨🇿 Berbers · Czechia
1376
+16
🇨🇱 Italians · Chile
1386
-16
🇦🇷 Britons · Argentina
1359
-15
ASTORONGA
5:08 Loom
14:06 Feudal Age
14:41 Double-Bit Axe
19:18 Castle Age
17:32 Fletching
18:06 Stone Mining
19:57 Bodkin Arrow
20:53 Medium Warships
21:07 Bow Saw
24:13 Gold Mining
25:06 Ballistics
25:38 Padded Archer Armor
26:46 Gold Shaft Mining
28:50 Wheelbarrow
28:42 Town Watch
30:02 Hand Cart
33:16 Horse Collar
35:41 Heavy Plow
37:01 Town Patrol
[CL]Jigsaw
3:14 Loom
13:46 Feudal Age
14:32 Double-Bit Axe
16:32 Town Watch
23:53 Castle Age
22:02 Fletching
35:37 Scale Barding Armor
36:11 Horse Collar
37:29 Forging
38:04 Chain Barding Armor
Drydaitas
2:50 Loom
13:34 Feudal Age
13:39 Man-at-Arms
14:18 Double-Bit Axe
14:58 Scale Mail Armor
14:36 Long Swordsman
16:02 Scale Mail Armor
15:52 Horse Collar
19:57 Forging
23:02 Castle Age
24:01 Bow Saw
23:42 Gambesons
24:48 Squires
24:20 Two-Handed Swordsman
25:59 Chain Mail Armor
25:59 Arson
27:50 Fletching
29:27 Wheelbarrow
30:20 Town Watch
30:45 Gold Mining
36:23 Imperial Age
34:58 Hand Cart
34:47 Heavy Plow
34:39 Stone Mining
35:25 Gold Shaft Mining
35:41 Champion
37:14 Fereters
37:50 Plate Mail Armor
37:03 Pikeman
39:08 Conscription
40:40 Town Patrol
Sikfred
4:56 Loom
12:31 Feudal Age
17:43 Castle Age
16:25 Stone Mining
17:46 Double-Bit Axe
17:54 Horse Collar
20:10 Bow Saw
21:16 Gold Mining
21:47 Fletching
24:16 Ballistics
23:53 Bodkin Arrow
26:30 Padded Archer Armor
26:28 Elite Skirmisher
30:16 Leather Archer Armor
37:14 Imperial Age
34:31 Town Watch
35:17 Heavy Plow
36:53 Wheelbarrow
36:43 Careening
36:15 Treadmill Crane
36:47 Scale Barding Armor
37:15 Husbandry
37:24 Murder Holes
39:00 Chemistry
38:29 Scale Mail Armor
37:58 Pikeman
38:38 Squires
Connection lost

Rejoining the realm…

Still unreachable

The connection could not be restored.

Session expired

The server has moved on; the page needs a fresh start.